 Dungeon Crawl Stone Soup version 0.27-a0-412-g8dd771eca2 (webtiles) character file.

Game seed: 13301129449304517706

37 Aneyh the Skirmisher (level 3, 0/23 HPs)
             Began as a Tengu Abyssal Knight on Feb 23, 2021.
             Was a Believer of Lugonu.
             Slain by a goblin
             ... wielding a +0 dagger
             ... led by Robin
              (5 damage)
             ... on level 3 of the Dungeon.
             The game lasted 00:06:01 (1628 turns).

Aneyh the Skirmisher (Tengu Abyssal Knight)         Turns: 1628, Time: 00:06:02

Health: 0/23       AC:  3    Str: 13    XL:     3   Next: 41%
Magic:  6/6        EV: 11    Int: 12    God:    Lugonu [**....]
Gold:   77         SH:  0    Dex: 13    Spells: 2/2 levels left

rFire    . . .     SeeInvis .     - Unarmed
rCold    . . .     Faith    .   (no shield)
rNeg     . . .     Spirit   .   a - +0 leather armour
rPois    .         Reflect  .   (helmet restricted)
rElec    .         Harm     .   (no cloak)
rCorr    .         Rampage  .   (no gloves)
Will     .....                  (boots unavailable)
Stlth    +.........             (no amulet)
HPRegen  0.07/turn              (no ring)
MPRegen  0.10/turn              (no ring)

@: no status effects
A: beak, talons 3
a: Renounce Religion, Depart the Abyss, Bend Space


You were on level 3 of the Dungeon.
You worshipped Lugonu.
Lugonu was pleased with you.
You visited 1 branch of the dungeon, and saw 3 of its levels.
You visited the Abyss 1 time.

You collected 77 gold pieces.

Inventory:

Hand Weapons
 d - a +0 short sword
Missiles
 b - 16 poisoned darts
 h - 11 arrows
 i - 18 bolts
Armour
 a - a +0 leather armour (worn)
 l - a +0 cloak
Wands
 e - a wand of flame (15) (quivered)
Scrolls
 f - a scroll of enchant weapon {unknown}
 g - a scroll of amnesia {unknown}
 k - a scroll of identify {unknown}
Potions
 c - 2 potions of curing {unknown}
 j - a potion of berserk rage {unknown}


   Skills:
 - Level 3.0 Fighting
 - Level 2.1 Armour
 - Level 1.1 Dodging
 + Level 2.6 Unarmed Combat
 * Level 3.0 Invocations


You had 2 spell levels left.
You didn't know any spells.
Your spell library was empty.

Dungeon Overview and Level Annotations

Branches:
Dungeon (3/15)

Altars:

Annotations:
D:2 Sigmund
D:3 Robin


Innate Abilities, Weirdness & Mutations

You have a beak for a mouth.
You have claws for feet.


Message History

You kill the orc!
Lugonu accepts your kill.
You can now bend space around yourself.
The frilled lizard closely misses you.
You hit the frilled lizard.
You kill the frilled lizard!
Lugonu accepts your kill.
You start resting.
Robin of the Strong Arm comes into view.
They are wielding a +0 mace and carrying a wand of flame (10).
A goblin comes into view.
The goblin shouts!
You hear a shout! x4; Robin shouts!
Okay, then.
You are a level 3 Tengu Abyssal Knight.
You are 41% of the way to level 4.
Play time: 00:05:48 (1626 turns).
Zot will find you in 16511 turns if you stay in this branch and explore no new floors.
Aiming: Throw Flame
Press: ? - help, Shift-Dir - straight line, f - goblin
Aim: a goblin (40% to evade)
The puff of flame misses the goblin.
You hear a shout!
Robin roars a battlecry!
The goblin goes into a battle-frenzy!
You hear a shout!
You are a level 3 Tengu Abyssal Knight.
You are 41% of the way to level 4.
Play time: 00:05:54 (1627 turns).
Zot will find you in 16510 turns if you stay in this branch and explore no new floors.
Unknown command.
Aiming: Throw Flame
Press: ? - help, Shift-Dir - straight line, f - Robin, p - goblin
Aim: Robin, wielding a +0 mace, wearing a +0 animal skin, wearing a +0 helmet and carrying a wand of flame (10) (23% to evade)
The puff of flame misses the goblin.
The puff of flame hits Robin.
Robin is moderately wounded.
You hear a shout!
Robin throws the goblin at you!
* * * LOW HITPOINT WARNING * * *
The goblin hits you but does no damage. The goblin closely misses you.
Robin roars a battlecry!
A goblin comes into view. It is wielding a +0 club.
The goblin hits you with a +0 dagger.
You die...

##########
#........#
#g.......#
#.@......#
#g.......#
#........#
####.†.)....#
#<.g........#
#......g#........#
#.....##.........#
#.?..#.
..........#
.(...###..........


You could see Robin and 3 goblins.

Vanquished Creatures
  A leopard gecko (D:1)
  An orc (D:3)
  2 giant cockroaches
  4 goblins (D:1)
  6 hobgoblins (D:1)
  4 jackals (D:1)
  2 bats
  4 frilled lizards
  4 kobolds
  4 rats (D:1)
32 creatures vanquished.

Vanquished Creatures (others)
  3 plants (D:1)
3 creatures vanquished.

Grand Total: 35 creatures vanquished

Notes
Turn   | Place    | Note
-------+----------+-------------------------------------------
     0 | Abyss:1  | Aneyh the Tengu Abyssal Knight began the quest for the Orb.
     0 | Abyss:1  | Reached XP level 1. HP: 14/14 MP: 3/3
    90 | Abyss:1  | Noticed a demonic crawler
   132 | Abyss:2  | Noticed an ancient zyme
   138 | D:1      | Escaped the Abyss
   281 | D:1      | Reached * piety under Lugonu
   443 | D:1      | Reached XP level 2. HP: 17/19 MP: 4/4
   795 | D:1      | Reached XP level 3. HP: 23/23 MP: 6/6
  1534 | D:2      | Noticed Sigmund
  1584 | D:3      | Reached ** piety under Lugonu
  1623 | D:3      | Noticed Robin
  1628 | D:3      | Slain by a goblin

Illustrated notes

Levels and vault maps discovered:
D:1:      dpeg_arrival_castle, layout_basic, serial_forest,
          infiniplex_forest_lined_1, infiniplex_forest_lined_room_,
          infiniplex_forest_clump_tiny, infiniplex_forest_straight_3,
          infiniplex_forest_zigzag_1, infiniplex_forest_straight_5,
          infiniplex_forest_clump_diagonal, infiniplex_forest_lined_room_2,
          minmay_misc_feat_five
D:2:      layout_basic, minmay_between, uniq_sigmund
D:3:      minmay_wonky_spiral, layout_rooms, minmay_misc_feat_tiny,
          chequers_hall_statues_corner_a, nicolae_qazlal_general_emergency,
          uniq_robin

Skill      XL: |  1  2  3 |
---------------+----------+-----
Invocations    | 2 3 |  3.0
Fighting       | |  3.0
Armour         | |  2.1
Dodging        | |  1.1
Unarmed Combat | |  2.6

Action                   || total
-------------------------++-------
Melee: Unarmed           ||    81
       Peck              ||    12
       Kick              ||    14
Invok: Depart the Abyss  ||     1
Evoke: Wand              ||     4
Armor: Leather armour    ||    23
Dodge: Dodged            ||    50

Table legend: (Time is in decaauts)
 A = Elapsed time spent in this place.
 B = Non-inter-level travel time spent in this place.
 C = Inter-level travel time spent in this place.
 D = Time resting spent in this place.
 E = Time spent auto-exploring this place.
 F = Levels seen in this place.
 G = Mean time per level.
                   A        B        C        D        E       F      G
               +--------+--------+--------+--------+--------+-----+--------+
         Total |   1628 |   1620 |      8 |    401 |    833 |   5 |  325.6 |
       Dungeon |   1490 |   1482 |      8 |    401 |    794 |   3 |  496.7 |
         Abyss |    137 |    137 |      0 |      0 |     39 |   2 |   68.5 |
               +--------+--------+--------+--------+--------+-----+--------+

Top non-repeatable levels by time:
     D:1: 1282 daAuts
     D:2: 153 daAuts
 Abyss:1: 95 daAuts
     D:3: 55 daAuts
 Abyss:2: 42 daAuts
